Map: Terrasses de Prion

Players

Tobor - Winner!

  • Race: Zerg Zerg
  • League: Silver
  • Spawn Location: 5:00

zidar

  • Race: Zerg Zerg
  • League: Silver
  • Spawn Location: 11:00

VOD

Have the link to the VOD?

Description

Time

  • Played on: Dec. 15, 2015, 2:41 p.m.
  • Length: 8:45
Show
View Real Time Build Order
Export as new Build Order

Tobor Zerg - Winner!

Build Orders: Pool First 

Get SALT Encoding   

  12  0:01  Drone  
  13  0:13  Overlord  
  13  0:18  Drone  
  14  0:23  Extractor  
  14  0:28  Drone  
  14  0:41  Spawning Pool  
  13  0:45  Drone  
  14  0:50  Drone  
  14  0:53  Drone  
  16  1:00  Drone  
  17  1:27  Hatchery  
  16  1:34  Metabolic Boost  
  16  1:40  Zergling x2  
  17  1:49  Queen  
  17  1:53  Drone  
  20  2:02  Drone x2  
  22  2:14  Baneling Nest, Drone  
  22  2:25  Overlord  
  22  2:36  Overlord  
  22  2:48  Zergling x4  
  22  2:49  Queen  
  26  3:00  Baneling x2  
  26  3:02  Zergling x2  
  26  3:03  Zergling x6  
  30  3:07  Zergling x2  
  30  3:10  Zergling x2  
  32  3:13  Zergling x2  
  33  3:22  Drone  
  33  3:23  Drone x2  
  36  3:38  Drone  
  36  3:39  Drone x2  
  39  3:44  Overlord  
  39  3:46  Overlord  
  37  4:07  Drone x2  
  37  4:08  Drone x3  
  38  4:18  Drone  
  38  4:19  Drone x3  
  41  4:27  Drone  
  42  4:38  Drone x2  
  41  4:47  Evolution Chamber  
  41  4:52  Roach Warren  
  39  4:55  Extractor  
  38  5:00  Lair  
  38  5:02  Queen  
  40  5:14  Zergling x2  
  40  5:15  Zergling x22  
  40  5:18  Hatchery  
  47  5:42  Roach x4  
  45  5:54  Roach, Zergling x2  
  42  6:10  Roach x5  
  41  6:21  Roach x2  
  43  6:36  Zergling x2  
  43  6:37  Zergling x8  
  48  6:45  Drone x2  
  48  6:46  Roach Warren  
  47  7:03  Queen  
  47  7:05  Queen  
  47  7:08  Queen  
  53  7:21  Drone x6  
  54  7:41  Drone x2  
  56  7:56  Queen  
  58  8:00  Roach x4  
  66  8:07  Overlord x5  
  66  8:28  Ravager x2  
  66  8:29  Ravager x6  
  74  8:36  Extractor  
Show
View Real Time Build Order
Export as new Build Order

zidar Zerg 

Build Orders: Hatch First 

Get SALT Encoding   

  12  0:01  Drone  
  13  0:12  Overlord  
  13  0:17  Drone  
  14  0:30  Drone x2  
  16  0:42  Drone  
  17  0:58  Hatchery  
  17  0:59  Drone  
  17  1:15  Spawning Pool  
  17  1:16  Drone  
  17  1:20  Drone  
  17  1:21  Extractor  
  17  1:23  Drone  
  18  1:52  Overlord  
  18  1:54  Drone  
  18  1:55  Drone  
  19  2:08  Queen  
  19  2:11  Queen  
  23  2:20  Zergling x2  
  23  2:21  Zergling x4  
  26  2:23  Metabolic Boost  
  26  2:29  Extractor  
  25  2:34  Drone x3  
  28  2:49  Baneling Nest  
  27  3:03  Drone x3  
  27  3:04  Roach Warren  
  29  3:12  Overlord  
  29  3:16  Drone  
  29  3:51  Baneling  
  21  4:16  Roach x10  
  29  4:52  Drone  
  29  4:53  Drone  
  29  4:55  Drone  
  31  5:10  Drone  
  32  5:39  Roach  
  32  5:40  Roach x2  
  36  6:01  Roach  
  36  6:02  Roach x2  
  38  6:29  Roach  
  38  6:30  Roach x2  
  40  6:46  Roach  
  40  6:47  Roach  
  34  6:59  Drone x2  
  36  7:14  Drone x3  
  27  7:40  Ravager  
  27  7:41  Ravager x2  
  30  7:45  Roach  
  30  7:46  Roach x2  
  36  8:06  Roach  
  38  8:17  Drone x4  
  38  8:18  Drone  
Tags
 
Add a new tag
Caveats
  • Supply blocks, unpowered buildings, or Contaminate may cause inaccurate times.
  • Supply counts are checked every 10 seconds.